 Dungeon Crawl Stone Soup version 0.30-a0-1008-g30c9307041 (webtiles) character file.

Game seed: 4138562264639012583

6826 cforsyth the Summoner (level 11, -7/61 HPs)
             Began as an Octopode Summoner on Apr 6, 2023.
             Was an Initiate of Gozag.
             Hit by a javelin thrown by a minotaur (26 damage)
             ... in a Gauntlet.
             The game lasted 00:31:26 (11753 turns).

cforsyth the Summoner (Octopode Summoner)          Turns: 11753, Time: 00:31:26

Health: -7/61      AC:  1    Str:  7    XL:     11   Next: 5%
Magic:  16/34      EV: 29    Int: 28    God:    Gozag
Gold:   821        SH:  0    Dex: 22    Spells: 17/30 levels left

rFire   . . .      SeeInvis .    s - staff of poison
rCold   . . .      Faith    .    (no shield)
rNeg    + . .      Spirit   .    (helmet restricted)
rPois   +          Reflect  .    y - amulet of the acrobat
rElec   +          Rampage  .    w - +6 ring of dexterity
rCorr   +          NoTele   +    x - +6 ring of intelligence
Will    .....                    F - ring of positive energy
Stlth   ++++                     G - ring of magical power
HPRegen 0.30/turn                t - ring of Fyfrunwivo {rElec rCorr Dex+3}
MPRegen 0.24/turn                (no ring)
                                 (no ring)
                                 (no ring)

@: acrobatic, hasted, very quick
A: almost no armour, amphibious, 8 rings, camouflage 1, gelatinous body 1,
(nimble swimmer 1), tentacles
a: Renounce Religion, Potion Petition, Call Merchant, Bribe Branch


You were in a Gauntlet.
You worshipped Gozag.
Gozag was pleased with you.
You visited 2 branches of the dungeon, and saw 13 of its levels.
You also visited: Sewer and Gauntlet.

You collected 973 gold pieces.
You paid 152 gold pieces to Gozag.

Inventory:

Hand Weapons
 C - the +6 great mace of a Hundred Stories {heavy, Drain rC+ rN++ Dex+2}
   (You found it on level 5 of the Dungeon)

   Dex:       It affects your dexterity (+2).
   rC:        It protects you from cold.
   rN:        It greatly protects you from negative energy.
   Drain:     It drains your maximum health when unequipped.
Magical Staves
 s - a staff of poison (weapon)
Jewellery
 t - the ring of Fyfrunwivo (on tentacle) {rElec rCorr Dex+3}
   (You found it in a Gauntlet)

   [ring of resist corrosion]

   Dex:       It affects your dexterity (+3).
   rElec:     It insulates you from electricity.
   rCorr:     It protects you from acid and corrosion.
 w - a +6 ring of dexterity (left tentacle)
 x - a +6 ring of intelligence (right tentacle)
 y - an amulet of the acrobat (around mantle)
 D - a ring of magical power
 F - a ring of positive energy (on tentacle)
 G - a ring of magical power (on tentacle)
Wands
 b - a wand of paralysis (9)
 p - a wand of roots (8)
Scrolls
 d - a scroll of fear
 e - 5 scrolls of fog
 g - a scroll of poison
 k - 5 scrolls of teleportation
 l - a scroll of torment
 n - 2 scrolls of vulnerability
 r - a scroll of identify
 u - 3 scrolls of immolation
 v - a scroll of blinking
Potions
 a - 2 potions of magic
 f - 2 potions of brilliance
 h - 2 potions of ambrosia {unknown}
 i - 5 potions of mutation
 j - a potion of might {unknown}
 o - a potion of berserk rage
 z - 3 potions of attraction
 A - a potion of haste
 B - a potion of resistance {unknown}
 H - a potion of lignification {unknown}


   Skills:
 - Level 2.0 Dodging
 - Level 2.6 Stealth
 + Level 10.4 Spellcasting
 - Level 5.0 Hexes
 + Level 11.9 Summonings


You had 17 spell levels left.
You knew the following spells:

 Your Spells              Type           Power      Damage    Failure   Level
a - Summon Small Mammal   Summ           100%       N/A       1%          1
b - Call Imp              Summ           69%        N/A       1%          2
c - Call Canine Familiar  Summ           69%        N/A       1%          3
d - Summon Guardian Gole  Hex/Summ       58%        N/A       1%          3
e - Summon Lightning Spi  Summ/Air       47%        N/A       3%          4

Your spell library contained the following spells:

 Spells                   Type           Power      Damage    Failure   Level
 Ensorcelled Hibernation  Hex/Ice        56%        N/A       1%          2
 Tukima's Dance           Hex            42%        N/A       1%          3
 Freeze                   Ice            56%        1d7       3%          1
 Cause Fear               Hex            21%        N/A       4%          4
 Lesser Beckoning         Tloc           28%        N/A       6%          2
 Poisonous Vapours        Pois/Air       44%        N/A       6%          2
 Frozen Ramparts          Ice            28%        1d5       12%         3
 Gell's Gravitas          Tloc           14%        N/A       12%         3
 Hailstorm                Conj/Ice       14%        3d5       12%         3
 Mephitic Cloud           Conj/Pois/Air  22%        N/A       12%         3
 Ozocubu's Armour         Ice            14%        N/A       12%         3
 Spider Form              Tmut/Pois      22%        N/A       12%         3
 Teleport Other           Tloc           14%        N/A       12%         3
 Anguish                  Hex/Necr       14%        N/A       14%         4
 Olgreb's Toxic Radiance  Pois           22%        N/A       36%         4
 Passage of Golubria      Tloc           14%        N/A       36%         4
 Yara's Violent Unravell  Hex/Tmut       14%        3d7       36%         5
 Freezing Cloud           Conj/Ice/Air   7%         6-21      71%         5
 Enfeeble                 Hex            21%        N/A       99%         7
 Ozocubu's Refrigeration  Ice            7%         4d9       100%        7
 Polar Vortex             Ice            7%         N/A       100%        9
 Simulacrum               Ice/Necr       Unusable   N/A       N/A         6

Dungeon Overview and Level Annotations

Branches:
Dungeon (12/15)            Temple (1/1) D:4            Lair (0/5) D:8
  Sewer (visited)         Gauntlet (1/1)
    Orc: D:9-12

Altars:
Ashenzari
Cheibriados
Dithmenos
Elyvilon
Fedhas
Gozag
Hepliaklqana
Kikubaaqudgha
Makhleb
Nemelex Xobeh
Okawaru
Qazlal
Ru
Sif Muna
Uskayaw
Vehumet
Wu Jian
Xom
Yredelemnul
Zin
The Shining One

Shops:
D:1 *   D:12 :

Annotations:
D:5 3 runed translucent doors, Maxmaps's ghost, novice DsTm; SirDiesAlot's ghost, novice SpEn; bearlyready's ghost, novice AtBe; jtron's ghost, novice DsWn Gauntlet 6 transporters, 2 runed translucent doors, exclusion: obsidian statue


Innate Abilities, Weirdness & Mutations

You cannot wear most types of armour.
You are amphibious.
You can wear up to eight rings at the same time.
Your skin changes colour to match your surroundings (Stealth+).
Your rubbery body absorbs attacks. (AC +1, EV +1)
((You are camouflaged when in or above water. (Stealth+)))
You have tentacles for arms and can constrict up to eight enemies at once.


Message History

Press: ? - help, Shift-Dir - straight line, f/p - minotaur
Aim: a minotaur, wielding a staff of death, wearing a +0 plate armour, wearing an amulet of faith and quivering javelins (severely wounded, not watching you, ally target, chance to affect: 1%)
Okay, then.
Unknown command.
Casting: Summon Guardian Golem (safe; 1% risk of failure)
Confirm with . or Enter, or press ? or * to list all spells.
Okay, then.
Unknown command.
The minotaur hits your lightning spire with a staff of death!
The minotaur gores your lightning spire.
Your lightning spire shoots out a bolt of lightning at the minotaur!
The bolt of electricity hits the minotaur!
The minotaur hits your lightning spire with a staff of death!!
Your lightning spire is destroyed!
Your lightning spire disappears in a puff of smoke!
Unknown command.
Casting: Summon Guardian Golem (safe; 1% risk of failure)
Confirm with . or Enter, or press ? or * to list all spells.
An electric hum fills the air.
The minotaur bellows!
Your guardian golem overheats!
Okay, then.
As you read the scroll of fear, it crumbles to dust.
You assume a fearsome visage.
The minotaur looks frightened!
Casting: Summon Lightning Spire (dangerous; 3% risk of failure)
Confirm with . or Enter, or press ? or * to list all spells.
Your lightning spire shoots out a bolt of lightning at the minotaur!
The bolt of electricity hits your guardian golem.
Your guardian golem resists.
Flame seeps out of your guardian golem.
The bolt of electricity hits the minotaur!
Your lightning spire's attack snaps the minotaur out of its fear.
The minotaur throws a javelin.
The javelin pierces through your guardian golem!!
Your guardian golem disappears in a puff of smoke!
The javelin pierces through your warg.
The javelin pierces through your lightning spire!!
The javelin pierces through you!!
You die...
Your body crumbles into a pile of gold.

####......######
...............#
...............#
#######.########
#...§.........#
#.###########.#
#.......... #.#
#.#.###########
#.#.##⌠.⌠##@#
#.#..#.∩.#.8#
#.##.#⌠.⌠#h##
#..#.##.##○#
##.#.....H.#
#########


You could see a minotaur (distracted, ally target), a friendly warg (summoned,
sheltered) and a friendly lightning spire (summoned, sheltered).

Vanquished Creatures
  A fire bat (Gauntlet)
  An ice beast (D:8)
  A wolf (D:7)
  An orc priest (D:6)
  An iguana (D:6)
  A gnoll (D:6)
  2 adders (D:5)
  2 worms
  A dart slug (D:1)
  4 bats
  3 endoplasms
  3 giant cockroaches (D:1)
  2 goblins (D:1)
  A hobgoblin (D:3)
  3 jackals (D:4)
  A kobold (D:3)
  2 ball pythons
  A frilled lizard (D:1)
  2 rats (D:1)
33 creatures vanquished.

Vanquished Creatures (collateral kills)
  A two-headed ogre (D:11)
  A rime drake (D:8)
  A komodo dragon (D:11)
  A wyvern (D:8)
  2 steam dragons
  Menkaure (D:4)
  4 water moccasins
  Edmund (D:6)
  2 orc warriors
  4 ice beasts
  2 sky beasts (D:7)
  A wolf (D:7)
  An ogre (D:3)
  A centaur (D:9)
  3 phantoms
  A nameless horror (D:8)
  2 bullfrogs (D:6)
  7 scorpions
  8 wights (D:7)
  7 killer bees
  A howler monkey (D:5)
  A jelly (D:5)
  4 orc priests
  Natasha (thrice) (D:4)
  4 iguanas
  5 orc wizards
  6 gnolls
  8 adders
  2 white imps
  An ufetubus (D:5)
  11 worms
  2 dart slugs
  18 orcs
  9 endoplasms
  5 goblins
  7 hobgoblins
  7 kobolds
  4 quokkas
  6 ball pythons
  8 bats
  2 frilled lizards
  3 rats
168 creatures vanquished.

Vanquished Creatures (others)
  Urug (D:11)
  A polar bear (D:8)
  A raiju (Gauntlet)
  A wight (D:7)
  An iguana (D:5)
  2 orcs (D:7)
  2 fungi (Gauntlet)
  4 plants
13 creatures vanquished.

Grand Total: 214 creatures vanquished

Notes
Turn   | Place    | Note
-------+----------+-------------------------------------------
     0 | D:1      | cforsyth the Octopode Summoner began the quest for the Orb.
     0 | D:1      | Reached XP level 1. HP: 11/11 MP: 3/3
   183 | D:1      | Reached XP level 2. HP: 14/17 MP: 3/5
   348 | D:1      | Found Ohonaocs's Assorted Antiques.
  1088 | D:2      | Reached XP level 3. HP: 14/21 MP: 4/7
  1091 | D:2      | Learned a level 2 spell: Call Imp
  1095 | D:2      | Learned a level 3 spell: Call Canine Familiar
  1943 | D:2      | Reached XP level 4. HP: 27/27 MP: 5/8
  1947 | D:2      | Learned a level 3 spell: Summon Guardian Golem
  2473 | D:3      | Found a glowing silver altar of Zin.
  2542 | D:3      | Found a sacrificial altar of Ru.
  2573 | D:3      | Noticed a scorpion
  2594 | D:3      | Killed a scorpion
  2595 | D:3      | Reached skill level 1 in Hexes
  2595 | D:3      | Reached skill level 5 in Summonings
  2595 | D:3      | Reached XP level 5. HP: 31/31 MP: 0/10
  3089 | D:3      | Found an iron altar of Okawaru.
  3089 | D:3      | Found a hide-covered altar of Uskayaw.
  3091 | D:3      | Found a shadowy altar of Dithmenos.
  3096 | D:3      | Found a shimmering altar of Xom.
  3097 | D:3      | Found a stormy altar of Qazlal.
  3102 | D:3      | Found a radiant altar of Vehumet.
  3103 | D:3      | Found an ornate altar of the Wu Jian Council.
  3118 | D:3      | Found an ancient bone altar of Kikubaaqudgha.
  3121 | D:3      | Found a broken altar of Ashenzari.
  3138 | D:3      | Found a shimmering blue altar of Sif Muna.
  3359 | D:3      | Noticed an ogre
  3370 | D:3      | Killed an ogre
  3371 | D:3      | Reached XP level 6. HP: 36/36 MP: 3/11
  3946 | D:4      | Found a snail-covered altar of Cheibriados.
  3947 | D:4      | Noticed Menkaure
  3947 | D:4      | Noticed Natasha
  3965 | D:4      | Killed Menkaure
  3982 | D:4      | Reached skill level 6 in Summonings
  3982 | D:4      | Reached XP level 7. HP: 28/41 MP: 1/13
  3987 | D:4      | Learned a level 4 spell: Summon Lightning Spire
  4029 | D:4      | Killed Natasha
  4205 | D:4      | Found a staircase to the Ecumenical Temple.
  4382 | D:4      | Noticed Natasha
  4388 | D:4      | Killed Natasha
  4453 | D:4      | Noticed Natasha
  4461 | D:4      | Killed Natasha
  4521 | D:4      | Found a snail-covered altar of Cheibriados.
  4559 | D:4      | Found a staircase to the Ecumenical Temple.
  4854 | D:5      | Entered Level 5 of the Dungeon
  5083 | D:5      | Reached skill level 5 in Spellcasting
  5325 | D:5      | Reached XP level 8. HP: 46/46 MP: 11/15
  5690 | D:5      | Found a runed translucent gate.
  5691 | D:5      | Found a runed translucent gate.
  5691 | D:5      | Found a runed translucent gate.
  5692 | D:5      | Noticed bearlyready's ghost (novice AtBe)
  5692 | D:5      | Noticed jtron's ghost (novice DsWn)
  5692 | D:5      | Noticed SirDiesAlot's ghost (novice SpEn)
  5692 | D:5      | Noticed Maxmaps's ghost (novice DsTm)
  5847 | D:5      | Reached skill level 7 in Summonings
  5886 | D:5      | Identified the +6 great mace of a Hundred Stories {heavy,
                  | Drain rC+ rN++ Dex+2}
  6091 | D:6      | Noticed Edmund
  6092 | D:6      | Reached skill level 5 in Hexes
  6194 | D:6      | Found a glowing drain.
  6215 | Sewer    | Entered a sewer
  6690 | D:6      | Reached skill level 8 in Summonings
  6695 | D:6      | Killed Edmund
  6696 | D:6      | Reached XP level 9. HP: 51/51 MP: 8/19
  7236 | Temple   | Entered the Ecumenical Temple
  7322 | Temple   | Became a worshipper of Gozag Ym Sagoz the Greedy
  7883 | D:7      | Reached skill level 9 in Summonings
  8810 | D:8      | Noticed a polar bear
  8851 | D:8      | Noticed a rime drake
  9281 | D:8      | Reached skill level 10 in Summonings
  9281 | D:8      | Reached XP level 10. HP: 56/56 MP: 10/22
  9814 | D:8      | Found a staircase to the Lair.
 10157 | D:8      | Got the Lectures on the Algid Panacea
 10563 | D:9      | You fall into a shaft and drop 3 floors!
 10564 | D:12     | Found Waeth's Book Boutique.
 10632 | D:10     | Entered Level 10 of the Dungeon
 10743 | D:11     | Reached skill level 11 in Summonings
 10800 | D:11     | Noticed a two-headed ogre
 10801 | D:11     | Noticed Urug
 10806 | D:11     | Killed a two-headed ogre
 10813 | D:11     | Killed Urug
 10814 | D:11     | Reached skill level 10 in Spellcasting
 10854 | D:11     | Found a gate leading to a gauntlet.
 10886 | Gauntlet | Entered a Gauntlet
 10886 | Gauntlet | Found a transporter.
 10886 | Gauntlet | Found a transporter.
 10889 | Gauntlet | Noticed a torpor snail
 10906 | Gauntlet | Found a transporter.
 10907 | Gauntlet | Found a transporter.
 10908 | Gauntlet | Found a transporter.
 10908 | Gauntlet | Noticed a fire crab
 10910 | Gauntlet | Found a transporter.
 10914 | Gauntlet | Found a runed translucent door.
 10916 | Gauntlet | Found a runed translucent door.
 10916 | Gauntlet | Noticed a large abomination
 10917 | Gauntlet | Found a transporter.
 10918 | Gauntlet | Found a transporter.
 10919 | Gauntlet | Found a transporter.
 10921 | Gauntlet | Found a transporter.
 10921 | Gauntlet | Noticed a wizard
 10926 | Gauntlet | Noticed an obsidian statue
 10926 | Gauntlet | Noticed a wizard
 10929 | Gauntlet | Found a transporter.
 10933 | Gauntlet | Found a transporter.
 11169 | Gauntlet | Identified the ring of Fyfrunwivo {rElec rCorr Dex+3}
 11173 | Gauntlet | Reached XP level 11. HP: 52/61 MP: 24/25
 11678 | Gauntlet | Noticed a minotaur
 11753 | Gauntlet | Hit by a javelin thrown by a minotaur

Illustrated notes

Levels and vault maps discovered:
D:1:      roderic_octagonal_star, layout_loops_cross, serial_shops, shop
D:2:      layout_basic, minmay_misc_feat_tiny
D:3:      layout_loops_ring, nicolae_ru_sacrificial_ziggurat,
          lemuel_crystal_altar, nicolae_overflow_hallway_of_the_gods,
          serial_bayou, serial_bayou_shore_a, serial_bayou_shore_b,
          serial_bayou_pond_c, serial_bayou_pond_b, serial_bayou_crossing,
          serial_bayou_lake_a
D:4:      layout_basic, mainiacjoe_overflow_paths, minmay_temple_entry_poolview,
          uniq_natasha, uniq_menkaure
D:5:      minmay_octagon_keep, layout_cave_pools, gammafunk_ghost_cemetery,
          nicolae_wormholes
D:6:      layout_rooms, cheibrodos_sewer_entry_bend, uniq_edmund
D:7:      layout_cave_pools, st_stairs_11
D:8:      layout_loops_ring, hellmonk_lair_entry_icy
D:9:      minmay_thinvault, layout_basic
D:10:     layout_rooms, bloody_trog, lightli_wizard_tower
D:11:     lemuel_flame_loot_2, layout_layer_cave, enter_trove_2,
          gauntlet_entry_generic, uniq_urug
D:12:     layout_cave_pods, hiddenorc2_lemuel, serial_shops, shop, uniq_azrael
Temple:   hellmonk_temple_beads
Gauntlet: minmay_gauntlet_mixed_big_or_small [nicolae_gauntlet_arena_grate_2,
          minmay_gauntlet_arena_77_museum, nicolae_gauntlet_swirl,
          minmay_gauntlet_arena_77_cramped,
          gammafunk_gauntlet_arena_split_diamond, minmay_gauntlet_arena_77_mess,
          dreamdust_gauntlet_exit_labyrinth]

Skill      XL: |  1  2  3  4  5  6  7  8  9 10 |
---------------+-------------------------------+-----
Spellcasting   | 3 4 5 6 8 10 | 10.4
Hexes          | 1 2 3 4 5 |  5.0
Summonings     | 5 6 8 10 11 | 11.9
Dodging        | |  2.0
Stealth        | |  2.6

Action                     |  1- 3 |  4- 6 |  7- 9 | 10-12 || total
---------------------------+-------+-------+-------+-------++-------
  Melee: Unarmed           |    40 |       |       |       ||    40
         Constrict         |    11 |     8 |     9 |       ||    28
         Tentacles         |     9 |     4 |    12 |       ||    25
         Staff             |       |    21 |    36 |     1 ||    58
         Punch             |       |       |     1 |       ||     1
   Cast: Summon Small Mamm |    28 |    10 |    12 |     5 ||    55
         Call Canine Famil |     8 |    17 |    37 |    16 ||    78
         Call Imp          |       |     5 |     8 |     7 ||    20
         Summon Guardian G |       |     3 |    22 |    21 ||    46
         Summon Lightning  |       |       |    24 |    18 ||    42
    Use: Scroll            |       |       |    15 |     8 ||    23
         Potion            |       |       |     1 |     8 ||     9
   Stab: Sleeping          |     1 |     1 |       |       ||     2
 Armour: Skin              |     5 |     5 |     5 |     1 ||    16
  Dodge: Dodged            |    21 |    29 |    66 |    16 ||   132

Table legend: (Time is in decaauts)
 A = Elapsed time spent in this place.
 B = Non-inter-level travel time spent in this place.
 C = Inter-level travel time spent in this place.
 D = Time resting spent in this place.
 E = Time spent auto-exploring this place.
 F = Levels seen in this place.
 G = Mean time per level.
                   A        B        C        D        E       F      G
               +--------+--------+--------+--------+--------+-----+--------+
         Total |  11769 |  11324 |    445 |   1597 |   7019 |  15 |  784.6 |
       Dungeon |  10583 |  10211 |    372 |   1191 |   6735 |  12 |  881.9 |
        Temple |    158 |     86 |     72 |      0 |     70 |   1 |  158.0 |
         Sewer |    163 |    163 |      0 |      0 |     73 |   1 |  163.0 |
      Gauntlet |    863 |    863 |      0 |    406 |    141 |   1 |  863.0 |
               +--------+--------+--------+--------+--------+-----+--------+

Top non-repeatable levels by time:
     D:7: 1797 daAuts
     D:5: 1457 daAuts
     D:4: 1357 daAuts
     D:2: 1259 daAuts
     D:3: 1197 daAuts
     D:1: 1079 daAuts
     D:8: 1025 daAuts
     D:6: 901 daAuts
Gauntlet: 863 daAuts
    D:11: 271 daAuts
     D:9: 185 daAuts
   Sewer: 163 daAuts
  Temple: 158 daAuts
    D:12: 49 daAuts
    D:10: 1 daAuts
